 Dungeon Crawl Stone Soup version 0.31-a0-150-g89dc3ad700 (webtiles) character file.

Game seed: 14262202335443093402

53 qw the Shooter (level 3, -1/31 HPs)
             Began as a Minotaur Hunter on June 8, 2023.
             Slain by Terence
             ... wielding a +0 flail
              (7 damage)
             ... on level 2 of the Dungeon.
             The game lasted 00:00:23 (714 turns).

qw the Shooter (Minotaur Hunter)                     Turns: 714, Time: 00:00:24

Health: -1/31      AC:  3    Str: 15    XL:     3   Next: 62%
Magic:  2/2        EV: 12    Int:  6    God:
Gold:   103        SH:  0    Dex: 15    Spells: 2/2 levels left

rFire   . . .        Y - +0 shortbow
rCold   . . .        (shield currently unavailable)
rNeg    . . .        c - +0 leather armour
rPois   .            (helmet restricted)
rElec   .            (no cloak)
rCorr   .            (no gloves)
SInv    .            (no boots)
Will    .....        (no amulet)
Stlth   +            (no ring)
HPRegen 0.25/turn    (no ring)
MPRegen 0.08/turn

%: no passive effects
@: no status effects
A: horns 2, retaliatory headbutt
a: no special abilities


You were on level 2 of the Dungeon.
You visited 1 branch of the dungeon, and saw 2 of its levels.

You collected 103 gold pieces.


Innate Abilities, Weirdness & Mutations

You have a pair of horns on your head.
You reflexively headbutt those who attack you in melee.


   Skills:
 - Level 3.0 Fighting
 + Level 5.7 Ranged Weapons
 - Level 2.1 Dodging
 - Level 0.7 Stealth


You had 2 spell levels left.
You didn't know any spells.
Your spell library was empty.

Inventory:

Hand Weapons
 Y - a +0 shortbow (weapon)
Armour
 c - a +0 leather armour (worn)
Scrolls
 a - a scroll of identify
 b - a scroll of poison {unknown}
 j - a scroll of magic mapping {unknown}
Potions
 d - a potion of attraction {unknown}
 e - a potion of magic {unknown}
 f - a potion of might {unknown}
 g - a potion of berserk rage {unknown}
 h - a potion of degeneration {unknown}
 i - a potion of curing {unknown}

Dungeon Overview and Level Annotations

Branches:
Dungeon (2/15)

Altars:

Annotations:
D:2 Terence


Message History

Enter note:
Enter note: Terence the Incautious comes into view.
He is wielding a +0 flail and wearing a +2 chain mail of willpower.
Enter note:
Enter note:
Enter note:
Enter note:
Enter note:
Enter note:
Enter note:
Enter note:
Enter note: You shoot an arrow.
The arrow hits Terence.
Terence is lightly wounded.
You shoot an arrow.
The arrow hits Terence but does no damage.
Terence is lightly wounded.
You shoot an arrow. The arrow hits Terence.
Terence is moderately wounded.
You shoot an arrow. The arrow barely misses Terence.
You shoot an arrow.
The arrow hits Terence but does no damage.
Terence is moderately wounded.
Terence hits you with a +0 flail!
You shoot an arrow.
The arrow hits Terence but does no damage.
Terence is moderately wounded.
Terence completely misses you.
You shoot an arrow. The arrow hits Terence.
Terence is moderately wounded.
Terence closely misses you. You furiously retaliate!
You headbutt Terence! You shoot an arrow. The arrow barely misses Terence.
Terence hits you with a +0 flail!
You shoot an arrow. The arrow closely misses Terence.
Terence hits you with a +0 flail!
You shoot an arrow.
The arrow hits Terence but does no damage.
Terence is severely wounded.
Terence hits you with a +0 flail!
You die...

#.######.#####
#####.##...#.#
#......#.#.#.#.#
#......#.#.....#
#......#.#######
#####....# ##
######.########...
#####................
......@@.........##
..###..######<...#
##. ###..## ..
.#####..### ## ...
#..........###. ...#
........##%.... ....
........###.... .....
...............
....%...###.#.#


You could see Terence.

Vanquished Creatures
  A gnoll (D:1)
  A worm (D:2)
  A dart slug (D:2)
  6 goblins
  4 hobgoblins
  6 jackals
  5 kobolds (D:1)
  3 quokkas
  5 bats (D:1)
  4 rats
36 creatures vanquished.

Notes
Turn   | Place    | Note
-------+----------+-------------------------------------------
     0 | D:1      | qw the Minotaur Hunter began the quest for the Orb.
     0 | D:1      | Reached XP level 1. HP: 18/18 MP: 0/0
     0 | D:1      | 0 ||| qw: Version: 0.2-a-119-g0488c42
     0 | D:1      | 0 ||| qw: Game counter: 2706
     0 | D:1      | 0 ||| qw: Always use a shield: true
     0 | D:1      | 0 ||| qw: God list: Okawaru
     0 | D:1      | 0 ||| qw: Allow faded altars: false
     0 | D:1      | 0 ||| qw: Do Orc after D:15 true
     0 | D:1      | 0 ||| qw: Do second Lair branch before Depths: true
     0 | D:1      | 0 ||| qw: Lair rune preference: random
     0 | D:1      | 0 ||| qw: Plans: Normal
     0 | D:1      | 0 ||| PLANNING D:1-11
    58 | D:1      | Reached XP level 2. HP: 25/25 MP: 1/1
   100 | D:1      | Reached skill level 5 in Ranged Weapons
   302 | D:1      | Reached XP level 3. HP: 30/30 MP: 2/2
   336 | D:1      | Reached skill level 3 in Fighting
   497 | D:1      | 497 ||| READING 2 scrolls labelled ULUUNEYL FUOSIDI.
   498 | D:1      | 498 ||| DROPPING scroll of butterflies.
   704 | D:2      | Noticed Terence
   713 | D:2      | HP: 6/31 [Terence/+0 flail (8)]
   714 | D:2      | Slain by Terence

Levels and vault maps discovered:
D:1:      nzn_arrival_water_spiral, layout_rooms
D:2:      layout_rooms, st_stairs_10, hangedman_decor_growths, nrook_uturn,
          minmay_fountain_box, glass_columns_b, minmay_misc_feat_ornament,
          hex_medium, uniq_jessica, uniq_terence

Skill      XL: |  1  2  3 |
---------------+----------+-----
Ranged Weapons | 5 |  5.7
Fighting       | 3 |  3.0
Dodging        | |  2.1
Stealth        | |  0.7

Action                     || total
---------------------------++-------
   Fire: Shortbow          ||   105
    Use: Scroll            ||     1
 Armour: Leather armour    ||    12
  Dodge: Dodged            ||    15

Table legend:
 A = Non-vault XP
 B = Vault XP
 C = Vault XP percentage of total XP
 D = Non-vault monster count
 E = Vault monster count
 F = Vault count percentage of total count
                 A         B        C        D         E       F
            +---------+---------+-------+---------+---------+-------
      Total |      76 |       0 |   0.0 |      36 |       0 |   0.0
            +---------+---------+-------+---------+---------+-------
        D:1 |      51 |       0 |   0.0 |      24 |       0 |   0.0
        D:2 |      25 |       0 |   0.0 |      12 |       0 |   0.0
            +---------+---------+-------+---------+---------+-------
